 Dungeon Crawl Stone Soup version 0.25.1-1-g288607f (webtiles) character file.

Game seed: 1730282905197023682

81 Gadfly the Chopper (level 4, -3/35 HPs)
             Began as a Demonspawn Monk on July 27, 2020.
             Slain by Sigmund
             ... wielding a +0 vampiric scythe
              (4 damage)
             ... on level 2 of the Dungeon.
             The game lasted 00:02:06 (1998 turns).

Gadfly the Chopper (Demonspawn Monk)                Turns: 1998, Time: 00:02:06

Health: -3/35      AC:  7    Str: 11 (13) XL:     4   Next: 19%
Magic:  4/4        EV: 11    Int: 10 (11) God:
Gold:   83         SH:  0    Dex: 12 (15) Spells: 3/3 levels left

rFire    . . .     SeeInvis .   a - +0 hand axe
rCold    + . .     Gourm    .   (no shield)
rNeg     . . .     Faith    .   e - +0 ring mail
rPois    .         Spirit   .   (helmet restricted)
rElec    .         Reflect  .   g - +1 cloak
rCorr    .         Harm     .   (no gloves)
MR       .....                  (no boots)
Stlth    +.........             (no amulet)
HPRegen  0.11/turn              i - ring of protection from cold
MPRegen  0.09/turn              (no ring)

@: brilliant
A: antennae 2, powered by death 1
a: no special abilities


You were on level 2 of the Dungeon.
You were not hungry.

You visited 1 branch of the dungeon, and saw 2 of its levels.

You collected 83 gold pieces.

Inventory:

Hand Weapons
 a - a +0 hand axe (weapon)
Armour
 e - a +0 ring mail (worn)
 g - a +1 cloak (worn)
Jewellery
 i - a ring of protection from cold (left hand)
Scrolls
 f - a scroll of random uselessness {unknown}
 j - a scroll of blinking {unknown}
 k - a scroll of identify
Potions
 m - 3 potions of flight
Comestibles
 c - 2 rations
 d - 2 chunks of flesh


   Skills:
 - Level 3.0 Fighting
 * Level 4.1 Axes
 + Level 1.8 Armour
 - Level 2.6 Dodging
 - Level 1.7 Stealth


You had 3 spell levels left.
You didn't know any spells.
Your spell library was empty.

Dungeon Overview and Level Annotations

Branches:
Dungeon (2/15)

Altars:

Annotations:
D:2 Sigmund


Innate Abilities, Weirdness & Mutations

You have a pair of antennae on your head.
You regenerate a little health from kills.


Message History

The goblin closely misses you. Something completely misses you.
You barely miss the goblin.
The goblin is almost dead.
The goblin hits you but does no damage.
You closely miss the goblin.
The goblin is almost dead.
Something hits you! The goblin barely misses you.
You miss the goblin.
The goblin is almost dead.
The goblin closely misses you. Something hits you.
You barely miss the goblin.
The goblin is almost dead.
The goblin hits you with a +0 dagger. Something hits you!
* * * LOW HITPOINT WARNING * * *
You hit the goblin.
You kill the goblin!
You hit the hobgoblin.
The hobgoblin is lightly wounded.
The hobgoblin closely misses you. Something hits you.
You die...

.###....>...........
.... #.....###'#.....
#### #####+##.........
#### #....#.........
#... #....#..........
#...
#....#...........##...
#.....................
#....##.#+######......
#....@g.......##......
####.##{......##......
#+##...............
.......†@...........##
......#............. #
......#..g.......... #
..### #............. #
. #............ #
........! #


You could see a hobgoblin.

Vanquished Creatures
  3 adders (D:2)
  An ooze (D:1)
  3 worms (D:2)
  A dart slug (D:2)
  A leopard gecko (D:2)
  5 hobgoblins
  3 jackals (D:1)
  A frilled lizard (D:2)
  4 goblins
  7 kobolds
  13 rats (D:1)
42 creatures vanquished.

Notes
Turn   | Place    | Note
-------+----------+-------------------------------------------
     0 | D:1      | Gadfly the Demonspawn Monk began the quest for the Orb.
     0 | D:1      | Reached XP level 1. HP: 18/18 MP: 1/1
   269 | D:1      | Reached skill level 3 in Axes
   339 | D:1      | Gained mutation: You regenerate a little health from kills.
                  | [demonic ancestry]
   339 | D:1      | Reached XP level 2. HP: 20/24 MP: 2/2
   644 | D:1      | Reached skill level 1 in Armour
   811 | D:1      | Gained mutation: You have a pair of small antennae on your
                  | head. [demonic ancestry]
   811 | D:1      | Reached XP level 3. HP: 29/29 MP: 3/3
  1595 | D:2      | Reached skill level 4 in Axes
  1595 | D:2      | Gained mutation: You have a pair of antennae on your head.
                  | [demonic ancestry]
  1595 | D:2      | Reached XP level 4. HP: 25/35 MP: 4/4
  1977 | D:2      | Noticed Sigmund
  1996 | D:2      | HP: 1/35 [something (12)]
  1998 | D:2      | Slain by Sigmund

Illustrated notes

Levels and vault maps discovered:
D:1:      mrwooster_arrival_statue_2, layout_basic, minmay_rat_gold_closets
D:2:      layout_basic, uniq_sigmund

Skill      XL: |  1  2  3 |
---------------+----------+-----
Axes           | 3 4 |  4.1
Armour         | 1 |  1.8
Fighting       | |  3.0
Dodging        | |  2.6
Stealth        | |  1.7

Action                   |  1- 3 |  4- 6 || total
-------------------------+-------+-------++-------
Melee: Hand axe          |   137 |    41 ||   178
  Use: Scroll            |     4 |       ||     4
       Potion            |       |     3 ||     3
 Stab: Sleeping          |     3 |       ||     3
  Eat: Chunk             |     2 |     2 ||     4
Armor: Ring mail         |    49 |     8 ||    57
Dodge: Dodged            |    54 |    22 ||    76
